 Dungeon Crawl Stone Soup version 0.22-a0-362-g535178c5c5 (webtiles) character file.

219 Manul the Covert (level 5, 0/26 HPs)
             Began as a Spriggan Assassin on Apr 21, 2018.
             Slain by Manul's ghost (4 damage)
             ... on level 3 of the Dungeon.
             The game lasted 00:04:42 (4325 turns).

Manul the Covert (Spriggan Assassin)                Turns: 4325, Time: 00:04:43

Health: 0/26       AC:  3    Str:  7    XL:     5   Next: 64%
Magic:  6/6        EV: 18    Int: 13    God:
Gold:   83         SH:  0    Dex: 18    Spells: 4/4 levels left

rFire    . . .     SeeInvis +   a - +2 dagger
rCold    . . .     Gourm    .   (shield restricted)
rNeg     . . .     Faith    +   c - +0 robe
rPois    .         Spirit   .   (helmet restricted)
rElec    .         Reflect  .   d - +0 cloak
rCorr    .         Harm     .   (gloves unavailable)
MR       .....                  (boots unavailable)
Stlth    ++++......             e - amulet of faith
HPRegen  0.08/turn              (no ring)
MPRegen  0.10/turn              (no ring)

@: about to teleport, very quick
A: very small, unfitting armour, see invisible, herbivore, speed 3, slow
metabolism 2
a: no special abilities


You were on level 3 of the Dungeon.
You were not hungry.

You visited 1 branch of the dungeon, and saw 3 of its levels.

You collected 83 gold pieces.

Inventory:

Hand Weapons
 a - a +2 dagger (weapon)
 b - a +0 blowgun
Missiles
 k - 5 poisoned needles
Armour
 c - a +0 robe (worn)
 d - a +0 cloak (worn)
Jewellery
 e - an amulet of faith (around neck)
Scrolls
 f - a scroll of random uselessness
 h - a scroll of enchant armour {unknown}
 i - a scroll of blinking {unknown}
 j - a scroll of magic mapping {unknown}
Comestibles
 g - 3 rations


   Skills:
 + Level 2.0 Fighting
 + Level 3.5 Short Blades
 - Level 2.1 Throwing
 + Level 2.4 Dodging
 * Level 9.2 Stealth


You had 4 spell levels left.
You didn't know any spells.

Dungeon Overview and Level Annotations

Branches:
Dungeon (3/15)

Altars:

Annotations:
D:3 Manul's ghost, weakling DsGl


Innate Abilities, Weirdness & Mutations

You are very small and have problems with some larger weapons.
You are too small for most types of armour.
You have supernaturally acute eyesight. (SInv)
You are a herbivore.
You cover ground extremely quickly.
You need to consume almost no food.


Message History

The jackal misses you.
You hit Manul's ghost but do no damage. The jackal completely misses you.
The jackal misses you. Manul's ghost completely misses you.
The jackal misses you.
You barely miss Manul's ghost. The jackal closely misses you.
The hobgoblin misses you. The jackal barely misses you. Manul's ghost hits you.
You are electrocuted!
Ouch! That really hurt!
* * * LOW HITPOINT WARNING * * *
You are too injured to fight recklessly!
You are too injured to fight recklessly!
You are too injured to fight recklessly!
You are too injured to fight recklessly!
You are too injured to fight recklessly!
You are too injured to fight recklessly!
As you read the scroll labeled KAHUAF YSAAVUA, it crumbles to dust.
You feel strangely unstable.
It was a scroll of teleportation.
The jackal barely misses you. x2; The hobgoblin completely misses you.
Manul's ghost hits you.
You die...

#### #### #l. .....
##h#h..... # #.@Wh.....
### ##### #####gh#...?.#
..# ...###......#.....#
#.#####.#.(........#####
.......)..#.####.#....
#.#####.###.# .........
..# #.# #.#.##.#.####
..#####.###<..##...#
.................. #


You could see Manul's ghost, 4 jackals, a hobgoblin and a frilled lizard.

Vanquished Creatures
  A scorpion (D:2)
  3 orc wizards
  An ooze (D:1)
  5 worms (D:2)
  A dart slug (D:1)
  A leopard gecko (D:1)
  4 orcs
  A ball python (D:2)
  3 giant cockroaches
  3 goblins
  8 hobgoblins
  10 jackals (D:2)
  6 kobolds
  A quokka (D:2)
  9 bats
  3 frilled lizards
  11 rats
71 creatures vanquished.

Notes
Turn   | Place    | Note
-------+----------+-------------------------------------------
     0 | D:1      | Manul the Spriggan Assassin began the quest for the Orb.
     0 | D:1      | Reached XP level 1. HP: 10/10 MP: 2/2
     6 | D:1      | Noticed a worker ant
     6 | D:1      | Noticed a basilisk
     7 | D:1      | Noticed a yaktaur
    20 | D:1      | Reached skill level 6 in Stealth
    83 | D:1      | Reached XP level 2. HP: 15/15 MP: 3/3
   653 | D:2      | Reached skill level 7 in Stealth
   672 | D:2      | Reached XP level 3. HP: 17/18 MP: 4/4
   690 | D:2      | Noticed a scorpion
  1084 | D:2      | Killed a scorpion
  1084 | D:2      | Reached skill level 8 in Stealth
  1084 | D:2      | Reached XP level 4. HP: 23/23 MP: 5/5
  2364 | D:3      | Noticed Manul's ghost (weakling DsGl)
  2455 | D:3      | Reached XP level 5. HP: 23/26 MP: 6/6
  2545 | D:3      | Noticed a sky beast
  3331 | D:3      | Reached skill level 9 in Stealth
  4325 | D:3      | Slain by Manul's ghost

Vault maps used:
D:1:      onia_arrival_zoo_common
D:2:      serial_glass, glass_columns_a, glass_columns_a, glass_columns_a,
          glass_columns_a, glass_columns_a, glass_columns_a
D:3:      nicolae_overflow_hidden_temple

Skill      XL: |  1  2  3  4  5 |
---------------+----------------+-----
Stealth        | 6 7 8 9 |  9.2
Short Blades   | 3 |  3.5
Dodging        | 2 |  2.4
Fighting       | 2 |  2.0
Throwing       | |  2.1

Action                   |  1- 3 |  4- 6 || total
-------------------------+-------+-------++-------
Melee: Dagger            |    79 |   173 ||   252
 Fire: Blowgun           |     3 |    27 ||    30
  Use: Scroll            |       |     2 ||     2
 Stab: Sleeping          |    12 |     7 ||    19
       Distracted        |     1 |     1 ||     2
  Eat: Ration            |       |     1 ||     1
Armor: Robe              |    13 |    23 ||    36
Dodge: Dodged            |    49 |   143 ||   192

Table legend:
 A = Spawn XP
 B = Non-spawn XP
 C = Spawn XP percentage of total XP
 D = Spawn monster count
 E = Non-spawn monster count
 F = Spawn count percentage of total count
 G = Total turns spent on level
                    A         B        C        D         E        F      G
               +---------+---------+-------+---------+---------+-------+---------
         Total |       0 |     314 |   0.0 |       0 |      71 |   0.0 |  4325
               +---------+---------+-------+---------+---------+-------+---------
           D:1 |       0 |      35 |   0.0 |       0 |      19 |   0.0 |  1793
           D:2 |       0 |     185 |   0.0 |       0 |      36 |   0.0 |  1448
           D:3 |       0 |      94 |   0.0 |       0 |      16 |   0.0 |  1084
               +---------+---------+-------+---------+---------+-------+---------
